 Dungeon Crawl Stone Soup version 0.26-a0-854-gdc81c2f471 (webtiles) character file.

Game seed: 932885900341013062

172 Descartes the Sneak (level 5, -3/25 HPs)
             Began as a Felid Delver on Nov 22, 2020.
             Slain by Crazy Yiuf
             ... wielding a +4 quarterstaff of chaos
              (10 damage)
             ... on level 2 of the Dungeon.
             The game lasted 00:04:54 (3883 turns).

Descartes the Sneak (Felid Delver)                  Turns: 3883, Time: 00:04:55

Health: -3/25      AC:  1    Str:  9    XL:     5   Next: 27%
Magic:  6/6        EV: 21    Int: 12    God:
Gold:   178        SH:  0    Dex: 17    Spells: 4/4 levels left
                                        Lives:  0   Deaths: 1

rFire    . . .     SeeInvis +     - Unarmed
rCold    . . .     Faith    .   (shield unavailable)
rNeg     . . .     Spirit   .   (armour unavailable)
rPois    .         Reflect  .   (helmet unavailable)
rElec    .         Harm     .   (cloak unavailable)
rCorr    .         Rampage  .   (gloves unavailable)
MR       .....                  (boots unavailable)
Stlth    ++++......             (no amulet)
HPRegen  0.08/turn              (no ring)
MPRegen  0.10/turn              (no ring)

@: quick
A: very small, no armour, no weapons or thrown items, stealth, claws 1, fangs 3,
see invisible, speed 1, shaggy fur 1, sharp paws
a: no special abilities


You were on level 2 of the Dungeon.
You visited 1 branch of the dungeon, and saw 5 of its levels.

You collected 178 gold pieces.

Inventory:

Missiles
 r - 33 arrows
 s - 106 stones
Jewellery
 g - a +6 ring of intelligence {unknown}
 p - an uncursed amulet of the acrobat {unknown}
Wands
 e - a wand of digging (3)
Scrolls
 a - 4 scrolls of fog
 b - 6 scrolls of magic mapping
 c - 2 scrolls of fear
 f - 3 scrolls of teleportation {unknown}
 j - a scroll of amnesia {unknown}
 l - 4 scrolls of identify {unknown}
 m - a scroll of enchant armour {unknown}
 n - 2 scrolls of immolation {unknown}
 t - a scroll of random uselessness {unknown}
 v - 2 scrolls of blinking {unknown}
 w - a scroll of noise {unknown}
Potions
 d - 3 potions of haste
 h - 4 potions of curing {unknown}
 i - a potion of lignification {unknown}
 k - a potion of attraction {unknown}
 o - a potion of mutation {unknown}
 q - a potion of heal wounds {unknown}
 u - a potion of invisibility {unknown}


   Skills:
 - Level 3.7 Fighting
 + Level 6.1 Dodging
 + Level 7.7 Stealth
 + Level 3.2 Unarmed Combat


You had 4 spell levels left.
You didn't know any spells.
Your spell library was empty.

Dungeon Overview and Level Annotations

Branches:
Dungeon (5/15)
 Temple: D:4-7

Altars:
Cheibriados
Gozag
Qazlal
Sif Muna
Trog
Uskayaw
Yredelemnul

Shops:
D:3 *

Annotations:
D:2 Crazy Yiuf
D:4 Grinder


Innate Abilities, Weirdness & Mutations

You cannot wear armour.
You are incapable of wielding weapons or throwing items.
Your paws allow you to move quietly. (Stealth)
You have sharp claws.
You have razor-sharp teeth.
You have supernaturally acute eyesight. (SInv)
You cover ground quickly.
You are covered in fur. (AC +1)
Your sharp claws are effective at attacking unaware monsters.


Message History

You scratch Natasha but do no damage. Your bite misses Natasha.
Natasha is heavily wounded.
Natasha claws you.
* * * LOW HITPOINT WARNING * * *
You barely miss Natasha. You bite Natasha.
Natasha is heavily wounded.
Crazy Yiuf laughs, "Hack!
Key green unthinkable."
Natasha closely misses you.
You miss Natasha.
Natasha is heavily wounded.
Natasha closely misses you.
You scratch Natasha.
Natasha is severely wounded.
Crazy Yiuf cries, "Liver bush leg!"
You completely miss Natasha. You bite Natasha.
You kill Natasha!
Natasha yowls pathetically as she dies!
You closely miss Crazy Yiuf.
Crazy Yiuf hits you with a +4 quarterstaff of chaos!
You die...

#..># *,,,,,*
#...# **+**,*
#.### *,**'*****
#.# *,*,,,,,,* #.#
*,,,,,,,,* #.#
****,,,,,,,,* #.#
*,,,,,,,***** #.#
*,***,,,*
#@#**,*,,,,,****
#.g>..#,,*+*,,,*
#####<...*,*,*,***
*,,g,,.#*,,,*,,,*
*,,,,,,,*,*****,*
****,,****,,,,,,*
*,,,,* ********
*,,,,* **,,)*


You could see Crazy Yiuf.

Vanquished Creatures
  Sigmund (D:2)
  Natasha (D:2)
  Robin (D:2)
  2 adders (D:3)
  An adder skeleton (D:4)
  A dart slug (D:3)
  3 leopard geckos
  4 orcs
  A ball python (D:2)
  A giant cockroach (D:1)
  2 gnoll zombies (D:5)
  12 goblins
  5 hobgoblins
  2 jackals (D:2)
  4 kobolds
  6 bats
  5 frilled lizards
  6 rats
58 creatures vanquished.

Notes
Turn   | Place    | Note
-------+----------+-------------------------------------------
     0 | D:5      | Descartes the Felid Delver began the quest for the Orb.
     0 | D:5      | Reached XP level 1. HP: 10/10 MP: 2/2
    59 | D:5      | Found a basalt altar of Yredelemnul.
    96 | D:5      | Noticed a scorpion
   116 | D:4      | Reached XP level 2. HP: 14/14 MP: 3/3
   155 | D:4      | Noticed Grinder
   178 | D:3      | Found a snail-covered altar of Cheibriados.
   385 | D:3      | Reached XP level 3. HP: 17/17 MP: 4/4
   595 | D:2      | Reached skill level 5 in Dodging
   788 | D:2      | Noticed Sigmund
   799 | D:2      | Killed Sigmund
   800 | D:2      | Reached skill level 7 in Stealth
   800 | D:2      | Reached XP level 4. HP: 11/22 MP: 5/5
   800 | D:2      | Reached XP level 5. HP: 13/25 MP: 6/6
  1075 | D:2      | Found a bloodstained altar of Trog.
  1893 | D:2      | Found a runed translucent door.
  1894 | D:2      | Noticed Crazy Yiuf
  2352 | D:2      | Noticed Robin
  2550 | D:2      | Slain by Crazy Yiuf
  2551 | D:2      | Reached XP level 4. HP: -2/22 MP: 5/5
  3038 | D:3      | Found Gozag's Platinum Reserve.
  3182 | D:3      | Found a stormy altar of Qazlal.
  3198 | D:3      | Found an opulent altar of Gozag.
  3274 | D:3      | Reached XP level 5. HP: 25/25 MP: 6/6
  3315 | D:3      | Found a hide-covered altar of Uskayaw.
  3316 | D:3      | Found a shimmering blue altar of Sif Muna.
  3404 | D:2      | Found a bloodstained altar of Trog.
  3516 | D:2      | Killed Robin
  3869 | D:2      | Noticed Natasha
  3882 | D:2      | Killed Natasha
  3883 | D:2      | Slain by Crazy Yiuf

Illustrated notes

Levels and vault maps discovered:
D:1:      tarquinn_simple_flora_water_e, layout_loops_cross, grunt_decor_clamped
D:2:      layout_basic, lemuel_coloured_pillars_altar, uniq_crazy_yiuf_cottage,
          uniq_robin, uniq_natasha, uniq_sigmund
D:3:      layout_rooms, kennysheep_slug_shrine, nicolae_gozag_zags_fifth_avenue,
          general_overflow_altar, gammafunk_temple_overflow_statue
D:4:      layout_loops_cross, zin_purify, serial_shops, shop, uniq_grinder
D:5:      layout_basic, nicolae_overflow_crystal_walls,
          lemuel_zombie_altar_yredelemnul, minmay_temple_entry_antechambers,
          serial_shops, nicolae_shop_window_shopping

Skill      XL: |  1  2  3  4  5 |
---------------+----------------+-----
Dodging        | 3 4 5 6 |  6.1
Stealth        | 7 |  7.7
Unarmed Combat | 3 |  3.2
Fighting       | |  3.7

Action                   |  1- 3 |  4- 6 || total
-------------------------+-------+-------++-------
Melee: Unarmed           |    60 |   108 ||   168
       Bite              |     4 |     7 ||    11
       Punch             |       |     1 ||     1
 Stab: Sleeping          |     8 |    11 ||    19
Armor: Skin              |     1 |     1 ||     2
Dodge: Dodged            |    37 |    74 ||   111

Table legend: (Time is in decaauts)
 A = Elapsed time spent in this place.
 B = Non-inter-level travel time spent in this place.
 C = Inter-level travel time spent in this place.
 D = Time resting spent in this place.
 E = Time spent auto-exploring this place.
 F = Levels seen in this place.
 G = Mean time per level.
                   A        B        C        D        E       F      G
               +--------+--------+--------+--------+--------+-----+--------+
         Total |   3411 |   3298 |    113 |     29 |   2751 |   5 |  682.2 |
       Dungeon |   3411 |   3298 |    113 |     29 |   2751 |   5 |  682.2 |
               +--------+--------+--------+--------+--------+-----+--------+

Top non-repeatable levels by time:
     D:2: 1647 daAuts
     D:1: 1141 daAuts
     D:3: 485 daAuts
     D:5: 83 daAuts
     D:4: 53 daAuts
